 Dungeon Crawl Stone Soup version 0.27-a0-1078-g0d77da1 (webtiles) character file.

Game seed: 1892528884722939431

3898 GeorgeSoros the Spear-Bearer (level 10, -2/79 HPs)
             Began as a Merfolk Abyssal Knight on Apr 24, 2021.
             Was an Initiate of Qazlal.
             Killed from afar by a smoke demon (14 damage)
             ... with a ball of steam
             ... on level 1 of the Abyss.
             The game lasted 00:36:24 (7103 turns).

GeorgeSoros the Spear-Bearer (MfAK)                 Turns: 7103, Time: 00:36:25

Health: -2/79      AC: 12    Str: 20    XL:     10   Next: 20%
Magic:  15/15      EV: 12    Int: 13    God:    Qazlal [......]
Gold:   286        SH: 10    Dex: 14    Spells: 9/9 levels left

rFire    . . .     SeeInvis .   a - +1 spear (vorpal)
rCold    . . .     Faith    .   A - +0 kite shield
rNeg     . . .     Spirit   .   o - +0 scale mail
rPois    +         Reflect  .   p - +0 hat
rElec    .         Harm     .   D - +0 cloak
rCorr    .         Rampage  .   y - +0 pair of gloves of Resonance {rPois}
Will     .....                  (no boots)
Stlth    ..........             c - amulet of regeneration
HPRegen  0.00/turn              d - +6 ring of strength
MPRegen  0.14/turn              v - +4 ring of protection

@: non-regenerating, diseased
A: (nimble swimmer 2), mertail
a: Renounce Religion


You were on level 1 of the Abyss.
You worshipped Qazlal.
Qazlal was noncommittal.
You visited 2 branches of the dungeon, and saw 8 of its levels.
You visited the Abyss 2 times.

You collected 286 gold pieces.

Inventory:

Hand Weapons
 a - a +1 vorpal spear (weapon)
 i - a +1 spear
 q - a +0 trident
Missiles
 w - 2 javelins (quivered)
Armour
 e - a +0 buckler
 o - a +0 scale mail (worn)
 p - a +0 hat (worn)
 y - the +0 pair of gloves of Resonance (worn) {rPois}
   (You found it on level 6 of the Dungeon)

   It protects you from poison.
 A - a +0 kite shield (worn)
 D - a +0 cloak (worn)
Jewellery
 c - an amulet of regeneration (around neck)
 d - a +6 ring of strength (left hand)
 n - a ring of resist corrosion
 s - an amulet of guardian spirit
 t - a ring of see invisible
 v - a +4 ring of protection (right hand)
Wands
 b - a wand of paralysis (9)
 r - a wand of flame (2)
Scrolls
 u - a scroll of magic mapping
Potions
 g - 2 potions of curing
 h - a potion of resistance
 j - 3 potions of brilliance
 k - a potion of haste {unknown}
 l - a potion of berserk rage {unknown}
 m - 3 potions of flight
 x - a potion of attraction {unknown}
 z - 2 potions of lignification {unknown}
 B - a potion of might {unknown}


   Skills:
 - Level 7.6 Fighting
 + Level 10.4 Polearms
 - Level 0.6 Armour
 + Level 9.6 Dodging
 + Level 5.3 Shields
 + Level 7.0 Invocations


You had 9 spell levels left.
You didn't know any spells.
Your spell library contained the following spells:

 Spells                   Type           Power      Damage    Failure   Level
 Animate Skeleton         Necr           0%         N/A       97%         1
 Pain                     Necr           0%         1d4       97%         1
 Confusing Touch          Hex            0%         N/A       100%        3
 Gell's Gravitas          Tloc           0%         N/A       100%        3
 Vampiric Draining        Necr           0%         2d6       100%        3
 Animate Dead             Necr           0%         N/A       100%        4
 Petrify                  Tmut/Erth      0%         N/A       100%        4
 Agony                    Necr           0%         N/A       100%        5
 Metabolic Englaciation   Hex/Ice        0%         N/A       100%        5
 Yara's Violent Unravell  Hex/Tmut       0%         3d3       100%        5


Dungeon Overview and Level Annotations

Branches:
Dungeon (7/15)             Temple (1/1) D:4

Altars:
Cheibriados
Dithmenos
Elyvilon
Fedhas
Hepliaklqana
Kikubaaqudgha
Makhleb
Nemelex Xobeh
Qazlal
Ru
Trog
Uskayaw
Vehumet
Wu Jian
Xom
Yredelemnul
Zin
The Shining One
Lugonu

Shops:
D:2 (


Innate Abilities, Weirdness & Mutations

((You are quick and stealthy near water. (Stealth+, EV+, Speed+++)))
Your lower body shifts to a powerful aquatic tail in water.


Message History

The ancient zyme is almost destroyed.
You block the ancient zyme's attack. The ancient zyme closely misses you.
You barely miss the ancient zyme.
The ancient zyme is almost destroyed.
You hit the ancient zyme.
The ancient zyme is almost destroyed.
The ancient zyme misses you. The ancient zyme barely misses you.
You hit the ancient zyme.
The ancient zyme is almost destroyed.
You block the ancient zyme's attack. The ancient zyme misses you.
The ynoxinul gestures.
You hit the ancient zyme but do no damage.
The ancient zyme is almost destroyed.
The ancient zyme misses you. The ancient zyme closely misses you.
You puncture the ancient zyme!
You destroy the ancient zyme!
Qazlal accepts your kill. The smoke demon gestures at you.
Something smites you!
* * * LOW HITPOINT WARNING * * *
Your Invocations skill increases to level 7!
The ynoxinul gestures.
You block the ufetubus's attack. The ufetubus closely misses you.
Okay, then.
You feel much better. You block the ufetubus's attack.
The ufetubus closely misses you. The smoke demon gestures at you.
Something smites you!
* * * LOW HITPOINT WARNING * * *
The ufetubus hits you but does no damage.
The ufetubus misses you.
The ufetubus hits you but does no damage.
You block the ufetubus's attack. The smoke demon gestures at you.
The ball of steam hits the ufetubus!!
The ufetubus dies!
The ball of steam hits the ufetubus!!
The ufetubus dies!
The ball of steam hits you!
You die...

55## ##.#.# #.5
##..5.##.#. #55#
.#.: ####.3# .#.
#.. #5###..# ###
##..##.#.#.###...##
# #...3.#.5#....# .
#. #.. ##ยงยง@..#
.#.#. .
#.#..######...##.#
.. . ####.#
####.... ## ..#
##.## #. ##. .. .
#. #. # # # # # # #
# #


You could see an ufetubus (summoned).

Vanquished Creatures
  Pikel (D:7)
  2 ancient zymes (Abyss:1)
  Sigmund (D:3)
  Menkaure (D:4)
  Duvessa (D:7)
  2 orc warriors (D:6)
  A sky beast (D:6)
  A black bear (D:6)
  5 ogres
  A necrophage (D:7)
  2 small abominations (Abyss:1)
  2 lemures (D:7)
  A phantom (D:6)
  A kobold brigand (D:7)
  Blork the orc (D:5)
  2 scorpions (D:6)
  A gnoll sergeant (D:7)
  Dowan (D:7)
  A wyvern skeleton (D:7)
  A water moccasin skeleton (D:5)
  A bullfrog zombie (D:6)
  A centaur skeleton (D:7)
  2 centaur zombies
  A jelly (D:7)
  5 hounds
  An iguana (D:5)
  4 orc priests
  Jessica (D:3)
  Ijyb (D:5)
  An orc wizard (D:7)
  2 scorpion zombies
  A killer bee zombie (D:7)
  A hound zombie (D:4)
  Robin (D:3)
  2 howler monkey skeletons
  11 adders
  10 gnolls
  2 ufetubi
  An adder zombie (D:4)
  2 worms (D:2)
  3 dart slugs
  16 orcs
  7 endoplasms
  4 giant cockroaches
  14 goblins
  11 hobgoblins
  8 jackals
  2 quokkas (D:2)
  4 ball pythons
  12 bats
  4 frilled lizards
  7 kobolds
  15 rats
187 creatures vanquished.

Notes
Turn   | Place    | Note
-------+----------+-------------------------------------------
     0 | Abyss:1  | GeorgeSoros the Merfolk Abyssal Knight began the quest for
                  | the Orb.
     0 | Abyss:1  | Reached XP level 1. HP: 18/18 MP: 2/2
    42 | Abyss:1  | Found a corrupted altar of Lugonu.
    80 | Abyss:1  | Noticed a chaos spawn
    81 | D:1      | Escaped the Abyss
   206 | D:1      | Reached XP level 2. HP: 24/24 MP: 3/3
   258 | D:1      | Reached * piety under Lugonu
   698 | D:1      | Reached XP level 3. HP: 30/30 MP: 4/4
   742 | D:1      | Upgraded the game from 0.27-a0-1077-g246ed28 to
                  | 0.27-a0-1078-g0d77da1
   896 | D:1      | Reached skill level 1 in Shields
  1283 | D:1      | Found a faded altar of an unknown god.
  1530 | D:2      | Reached XP level 4. HP: 35/37 MP: 5/5
  1719 | D:2      | Reached ** piety under Lugonu
  1786 | D:2      | Found Futumif's Antique Weapon Shop.
  1847 | D:2      | Reached skill level 4 in Polearms
  2368 | D:2      | Reached XP level 5. HP: 28/42 MP: 6/6
  2435 | D:3      | Noticed Jessica
  2463 | D:3      | Killed Jessica
  2642 | D:3      | Noticed Robin
  2685 | D:3      | Reached XP level 6. HP: 47/49 MP: 7/7
  2739 | D:3      | Killed Robin
  2739 | D:3      | Reached *** piety under Lugonu
  2942 | D:3      | Noticed Sigmund
  3062 | D:3      | Killed Sigmund
  3063 | D:3      | Reached skill level 5 in Polearms
  3063 | D:3      | Reached XP level 7. HP: 49/55 MP: 8/8
  3322 | D:4      | Noticed Menkaure
  3336 | D:4      | Killed Menkaure
  3337 | D:4      | Reached skill level 5 in Fighting
  3337 | D:4      | Reached skill level 5 in Dodging
  3384 | D:4      | Found a shadowy altar of Dithmenos.
  3664 | D:4      | Found a staircase to the Ecumenical Temple.
  3717 | D:4      | Found a basalt altar of Yredelemnul.
  3746 | D:4      | Reached skill level 6 in Polearms
  3833 | Temple   | Entered the Ecumenical Temple
  4272 | D:5      | Entered Level 5 of the Dungeon
  4272 | D:5      | Noticed Ijyb
  4297 | D:5      | Killed Ijyb
  4410 | D:5      | Reached **** piety under Lugonu
  4417 | D:5      | Reached XP level 8. HP: 23/64 MP: 10/10
  4528 | D:5      | Found a glowing silver altar of Zin.
  4529 | D:5      | Found a sparkling altar of Nemelex Xobeh.
  4529 | D:5      | Found a snail-covered altar of Cheibriados.
  4537 | D:5      | Found an ancient bone altar of Kikubaaqudgha.
  4537 | D:5      | Found a hazy altar of Hepliaklqana.
  4537 | D:5      | Found a radiant altar of Vehumet.
  4537 | D:5      | Found a bloodstained altar of Trog.
  4613 | D:5      | Noticed Blork the orc
  4628 | D:5      | Killed Blork the orc
  4629 | D:5      | Reached skill level 7 in Polearms
  5105 | D:6      | Reached skill level 8 in Polearms
  5131 | D:6      | Reached XP level 9. HP: 69/71 MP: 12/12
  5216 | D:6      | Reached skill level 5 in Invocations
  5792 | D:6      | Identified the +0 pair of gloves of Resonance {rPois}
  5978 | D:7      | Noticed Duvessa
  5978 | D:7      | Noticed Dowan
  6009 | D:7      | Killed Duvessa
  6010 | D:7      | Reached skill level 9 in Polearms
  6029 | D:7      | Killed Dowan
  6131 | D:7      | Found a blossoming altar of Fedhas.
  6488 | D:7      | Found a stormy altar of Qazlal.
  6496 | D:7      | Fell from the grace of Lugonu
  6496 | D:7      | Became a worshipper of Qazlal Stormbringer
  6728 | D:7      | Noticed Pikel
  6743 | D:7      | Killed Pikel
  6855 | D:7      | Noticed an ancient zyme
  6855 | D:7      | Cast into level 1 of the Abyss (Lugonu's touch)
  6926 | Abyss:1  | Reached skill level 10 in Polearms
  6926 | Abyss:1  | Reached XP level 10. HP: 47/79 MP: 14/14
  6954 | Abyss:1  | Noticed a thrashing horror
  7020 | Abyss:1  | Reached skill level 5 in Shields
  7082 | Abyss:1  | Noticed a smoke demon
  7103 | Abyss:1  | Killed from afar by a smoke demon

Illustrated notes

Levels and vault maps discovered:
D:1:      nzn_arrival_depleted_hourglass, layout_rooms,
          shapermc_ecumenical_altar_mp_vishouse, serial_co_window_serial,
          co_window_of_opportunity_a, co_window_corner_a, co_window_paths_a,
          co_window_paths_b, co_window_paths_a, co_window_broadway_c,
          co_window_corner_b, co_window_broadway_c, co_window_4corner_b,
          co_window_paths_d, glass_columns_a, minmay_misc_feat_ornament
D:2:      minmay_wonky_spiral, layout_basic, serial_shops,
          nicolae_shop_statue_plus, minmay_three_crescents
D:3:      layout_basic, uniq_jessica, uniq_sigmund, uniq_robin
D:4:      layout_gridville, grunt_dithmenos_smoke,
          nicolae_yredelemnul_corpse_copse, minmay_temple_entry_large_hall,
          uniq_menkaure
D:5:      layout_rooms, grunt_temple_overflow_open, hex_medium,
          uniq_blork_the_orc, uniq_ijyb
D:6:      layout_loops_ring, minmay_circle_x
D:7:      layout_gridville, tgw_sif, grunt_qazlal_clouds, lemuel_crystal_altar,
          uniq_duvessa, uniq_pikel
Temple:   corrupted_temple
Abyss:1:  base: Temple, base: Temple, base: D:1, minivault_26

Skill      XL: |  1  2  3  4  5  6  7  8  9 10 |
---------------+-------------------------------+-----
Dodging        | 3 4 6 7 9 |  9.6
Shields        | 1 2 3 4 5 |  5.3
Fighting       | 4 5 6 7 |  7.6
Polearms       | 4 5 6 8 10 | 10.4
Invocations    | 3 4 6 7 |  7.0
Armour         | |  0.6

Action                   |  1- 3 |  4- 6 |  7- 9 | 10-12 || total
-------------------------+-------+-------+-------+-------++-------
Melee: Spear             |   126 |   271 |   663 |    62 ||  1122
Throw: Javelin           |       |       |     2 |       ||     2
Invok: Depart the Abyss  |     1 |       |       |       ||     1
       Bend Space        |       |       |     5 |       ||     5
Evoke: Wand              |       |       |     3 |       ||     3
  Use: Scroll            |     1 |     4 |     6 |     1 ||    12
       Potion            |       |       |       |     2 ||     2
 Stab: Sleeping          |     2 |       |     1 |       ||     3
       Paralysed         |       |       |     3 |       ||     3
Armor: Leather armour    |    19 |    24 |     7 |       ||    50
       Scale mail        |       |       |    82 |    14 ||    96
Dodge: Dodged            |    44 |    87 |   194 |    22 ||   347
Block: Buckler           |       |    32 |    92 |       ||   124
       Kite shield       |       |       |     3 |    25 ||    28

Table legend: (Time is in decaauts)
 A = Elapsed time spent in this place.
 B = Non-inter-level travel time spent in this place.
 C = Inter-level travel time spent in this place.
 D = Time resting spent in this place.
 E = Time spent auto-exploring this place.
 F = Levels seen in this place.
 G = Mean time per level.
                   A        B        C        D        E       F      G
               +--------+--------+--------+--------+--------+-----+--------+
         Total |   6853 |   6617 |    236 |     11 |   4518 |  10 |  685.3 |
       Dungeon |   6474 |   6238 |    236 |     11 |   4393 |   7 |  924.9 |
        Temple |     66 |     66 |      0 |      0 |     38 |   1 |   66.0 |
         Abyss |    312 |    312 |      0 |      0 |     86 |   2 |  156.0 |
               +--------+--------+--------+--------+--------+-----+--------+

Top non-repeatable levels by time:
     D:1: 1370 daAuts
     D:6: 1000 daAuts
     D:4: 941 daAuts
     D:2: 933 daAuts
     D:7: 846 daAuts
     D:3: 819 daAuts
     D:5: 562 daAuts
 Abyss:1: 312 daAuts
  Temple: 66 daAuts
